 Dungeon Crawl Stone Soup version 0.23-a0-480-g1869896531 (webtiles) character file.

5 LostNumber the Caller (level 1, -1/14 HPs)
             Began as a Mummy Summoner on Nov 29, 2018.
             Slain by a leopard gecko (2 damage)
             ... on level 1 of the Dungeon.
             The game lasted 00:00:37 (260 turns).

LostNumber the Caller (Mummy Summoner)               Turns: 260, Time: 00:00:38

Health: -1/14      AC:  2    Str: 11    XL:     1   Next: 66%
Magic:  2/4        EV: 12    Int: 14    God:
Gold:   12         SH:  0    Dex: 12    Spells: 4/5 levels left

rFire    x . .     SeeInvis .   c - +0 short sword
rCold    + . .     Gourm    .   (no shield)
rNeg     + + +     Faith    .   a - +0 robe
rPois    ∞         Spirit   .   (no helmet)
rElec    .         Reflect  .   (no cloak)
rCorr    .         Harm     .   (no gloves)
MR       .....                  (no boots)
Stlth    ++........             (no amulet)
HPRegen  0.04/turn              (no ring)
MPRegen  0.09/turn              (no ring)

@: no status effects
A: no food or potions, fire vulnerability, cold resistance 1, negative energy
resistance 3, torment resistance, unbreathing
a: no special abilities


You were on level 1 of the Dungeon.
You were not hungry.

You visited 1 branch of the dungeon, and saw 1 of its levels.

You collected 12 gold pieces.

Inventory:

Hand Weapons
 b - a +0 dagger
 c - a +0 short sword (weapon)
Armour
 a - a +0 robe (worn)


   Skills:
 + Level 0.3 Fighting
 - Level 1.5 Dodging
 - Level 1.5 Stealth
 + Level 2.8 Spellcasting
 * Level 3.4 Summonings


You had 4 spell levels left.
You knew the following spells:

 Your Spells              Type           Power        Failure   Level  Hunger
a - Summon Small Mammal   Summ           ##..         5%          1    N/A

Your spell library contained the following spells:

 Spells                   Type           Power        Failure   Level  Hunger
 Call Imp                 Summ           ##......     9%          2    N/A
 Call Canine Familiar     Summ           ##......     16%         3    N/A
 Summon Guardian Golem    Hex/Summ       #.......     32%         3    N/A
 Summon Ice Beast         Ice/Summ       #.......     71%         4    N/A
 Summon Lightning Spire   Summ/Air       #.......     71%         4    N/A

Dungeon Overview and Level Annotations

Branches:
Dungeon (1/15)

Altars:


Innate Abilities, Weirdness & Mutations

You do not eat or drink.
Your flesh is vulnerable to fire.
You are immune to poison.
Your flesh is cold resistant. (rC+)
You are immune to negative energy. (rN+++)
You are immune to unholy pain and torment.
You can survive without breathing.


Message History

Unknown command.
The bat barely misses your quokka.
Your quokka bites the bat.
The bat dies!
The rat bites your rat. The rat bites your rat.
Your rat dies!
Your rat's corpse disappears in a puff of smoke!
The hobgoblin hits you with a +0 club.
* * * LOW HITPOINT WARNING * * *
Your quokka barely misses the leopard gecko.
Unknown command.
Your quokka closely misses the rat.
Your quokka bites the rat.
Your quokka closely misses the rat.
Your quokka closely misses the rat.
Your quokka bites the rat.
The rat dies!
Casting: Summon Small Mammal (safe; 5% risk of failure)
Confirm with . or Enter, or press ? or * to list all spells.
The leopard gecko bites you.
You die...

. .....###.###..###.#. ..
#.#.....†....#.....
..#.......†...........
....##.##r............
#.....g.###...###..
#.......#.......... #. #.
#...g...#..........
#.##.#.#b.g.......###...##
##......#.@l.......#>......
#......##..........#.......
#......##.......#..........
#.....†.#.......#......#...
#...............#..........
#...........##.....#......(
#.......†.>.###....#......<
#...........# #....###...##
#...........# #.#..........


You could see a leopard gecko, a hobgoblin, 2 goblins, a friendly quokka and a
friendly bat.

Vanquished Creatures
  A giant cockroach (D:1)
  A goblin (D:1)
2 creatures vanquished.

Vanquished Creatures (collateral kills)
  A kobold (D:1)
  2 bats (D:1)
  A rat (D:1)
4 creatures vanquished.

Grand Total: 6 creatures vanquished

Notes
Turn   | Place    | Note
-------+----------+-------------------------------------------
     0 | D:1      | LostNumber the Mummy Summoner began the quest for the Orb.
     0 | D:1      | Reached XP level 1. HP: 13/13 MP: 4/4
   260 | D:1      | Slain by a leopard gecko

Vault maps used:
D:1:      minmay_arrival_open_corners, columned_hall_lemuel,
          minmay_misc_feat_enclosed, minmay_shallow_snake_nest

Action                   || total
-------------------------++-------
Melee: Dagger            ||    10
       Short sword       ||     2
 Cast: Summon Small Mamm ||     6
Armor: Robe              ||    12
Dodge: Dodged            ||    19

Table legend:
 A = Non-vault XP
 B = Vault XP
 C = Vault XP percentage of total XP
 D = Non-vault monster count
 E = Vault monster count
 F = Vault count percentage of total count
                 A         B        C        D         E       F
            +---------+---------+-------+---------+---------+-------
      Total |       8 |       0 |   0.0 |       6 |       0 |   0.0
            +---------+---------+-------+---------+---------+-------
        D:1 |       8 |       0 |   0.0 |       6 |       0 |   0.0
            +---------+---------+-------+---------+---------+-------
